 Dungeon Crawl Stone Soup version 0.26-a0-652-gafc20e3620 (webtiles) character file.

Game seed: 12211793529070402521

1474 Decritt the Destroyer (level 8, -3/44 HPs)
             Began as a Deep Elf Conjurer on Oct 2, 2020.
             Slain by a water moccasin (5 damage)
             ... on level 6 of the Dungeon.
             The game lasted 00:33:42 (7601 turns).

Decritt the Destroyer (Deep Elf Conjurer)           Turns: 7601, Time: 00:33:44

Health: -3/44      AC:  4    Str:  6    XL:     8   Next: 49%
Magic:  13/19      EV: 16    Int: 24    God:
Gold:   380        SH:  5    Dex: 19    Spells: 16/19 levels left

rFire    + . .     SeeInvis .   d - staff of fire
rCold    . . .     Faith    .   (no shield)
rNeg     . . .     Spirit   .   a - +0 robe
rPois    .         Reflect  +   (no helmet)
rElec    .         Harm     .   (no cloak)
rCorr    .         Rampage  .   q - +0 pair of gloves
MR       .....                  r - +0 pair of boots
Stlth    ++........             l - amulet of reflection
HPRegen  0.14/turn              j - +6 ring of dexterity
MPRegen  0.16/turn              (no ring)

@: berserk cooldown, slowed, very slow
A: no striking features
a: no special abilities


You were on level 6 of the Dungeon.
You visited 1 branch of the dungeon, and saw 7 of its levels.

You collected 380 gold pieces.

Inventory:

Missiles
 n - 7 boomerangs (quivered)
Armour
 a - a +0 robe (worn)
 q - a +0 pair of gloves (worn)
 r - a +0 pair of boots (worn)
Magical Staves
 d - an uncursed staff of fire (weapon)
Jewellery
 j - a +6 ring of dexterity (left hand)
 l - an amulet of reflection (around neck)
 p - an uncursed amulet of faith
Wands
 t - a wand of polymorph (14)
 u - a wand of disintegration (14)
Scrolls
 b - a scroll of amnesia {unknown}
 c - 2 scrolls of magic mapping
 e - 3 scrolls of teleportation
 f - a scroll of fog
 h - 2 scrolls of enchant weapon {unknown}
 m - a scroll of remove curse {unknown}
 v - a scroll of vulnerability {unknown}
 x - a scroll of enchant armour {unknown}
 y - a scroll of brand weapon {unknown}
Potions
 g - a potion of magic
 i - 3 potions of cancellation
 k - a potion of berserk rage
 o - 2 potions of invisibility
 w - a potion of mutation {unknown}


   Skills:
 + Level 1.9 Fighting
 + Level 5.6 Dodging
 - Level 2.4 Stealth
 + Level 6.2 Spellcasting
 * Level 10.1 Conjurations


You had 16 spell levels left.
You knew the following spells:

 Your Spells              Type           Power        Failure   Level
a - Magic Dart            Conj           ####         1%          1
b - Searing Ray           Conj           ######       1%          2

Your spell library contained the following spells:

 Spells                   Type           Power        Failure   Level
 Dazzling Flash           Conj/Hex       ####..       3%          3
 Fulminant Prism          Conj/Hex       ####......   10%         4
 Iskenderun's Mystic Bla  Conj/Tloc      ####....     10%         4


Dungeon Overview and Level Annotations

Branches:
Dungeon (7/15)
 Temple: D:4-7

Altars:
Fedhas
Gozag
Hepliaklqana
Makhleb
Okawaru
Uskayaw
Xom
Yredelemnul

Shops:
D:6 *[


Message History

You feel yourself moving faster!
You feel mighty! You block the water moccasin's attack.
You feel a strong urge to attack something.
You are too berserk!
Unknown command.
You are too berserk!
You feel your anger nearly subside.
You are no longer berserk.
You are exhausted.
You feel yourself slow down.
Casting: Searing Ray (safe; 1% risk of failure)
Confirm with . or Enter, or press ? or * to list all spells.
Aiming: Searing Ray (safe; 1% risk of failure)
Press: ? - help, Shift-Dir - straight line, f - water moccasin
Aim: a water moccasin The searing ray hits the water moccasin!
The water moccasin is moderately wounded. (Press . to maintain the ray.)
The water moccasin closely misses you. The water moccasin bites you.
You die...

########.#.#.###.#....#
#............###...####
#..................# ###
#.........#.###....# #.#
#.........#.###....###.#####
#.........#.......>.........
#.........#####.............
#.........#####.###.........
# #..........@..#.#
#......... #
#...........S.#.# #.........
#
#########.....#.###.........
# #................### #
#................#
#................# ## ####
######...#.#.....# .###..#
#........_......# #.##.####
###.#.#...#.#.....#


You could see a water moccasin.

Vanquished Creatures
  A sky beast (D:5)
  An ice beast (D:5)
  2 centaurs
  Blork the orc (D:6)
  A bullfrog (D:6)
  A gnoll sergeant (D:4)
  A scorpion (D:4)
  A howler monkey (D:5)
  2 orc priests
  4 hounds
  A centaur skeleton (D:6)
  3 bullfrog skeletons
  2 iguanas
  3 orc wizards (D:6)
  4 worker ants
  A worker ant zombie (D:6)
  12 gnolls
  9 adders
  A shadow imp (D:6)
  An ufetubus (D:5)
  An ooze (D:3)
  A worm (D:2)
  A dart slug (D:1)
  4 leopard geckos
  17 orcs
  2 ball pythons
  4 giant cockroaches
  2 gnoll zombies (D:4)
  3 goblins
  6 hobgoblins
  14 jackals
  3 quokkas
  3 bats (D:1)
  5 frilled lizards
  A jackal zombie (D:6)
  8 kobolds
  A leopard gecko skeleton (D:4)
  A quokka skeleton (D:4)
  9 rats
138 creatures vanquished.

Notes
Turn   | Place    | Note
-------+----------+-------------------------------------------
     0 | D:1      | Decritt the Deep Elf Conjurer began the quest for the Orb.
     0 | D:1      | Reached XP level 1. HP: 10/10 MP: 6/6
   162 | D:1      | Reached XP level 2. HP: 8/15 MP: 0/8
   249 | D:1      | Reached skill level 5 in Conjurations
   776 | D:1      | Reached XP level 3. HP: 19/19 MP: 7/9
  1124 | D:2      | Found an opulent altar of Gozag.
  1356 | D:2      | Reached skill level 6 in Conjurations
  1526 | D:2      | Reached XP level 4. HP: 20/24 MP: 4/10
  1568 | D:2      | Learned a level 2 spell: Searing Ray
  2204 | D:3      | Reached skill level 7 in Conjurations
  2204 | D:3      | Reached XP level 5. HP: 28/28 MP: 5/11
  3658 | D:4      | Found a basalt altar of Yredelemnul.
  3682 | D:4      | Reached skill level 8 in Conjurations
  3682 | D:4      | Reached XP level 6. HP: 32/32 MP: 8/13
  4305 | D:4      | Found an iron altar of Okawaru.
  4305 | D:4      | Found a hazy altar of Hepliaklqana.
  4461 | D:4      | Reached XP level 7. HP: 32/36 MP: 6/15
  4632 | D:4      | Found a burning altar of Makhleb.
  4883 | D:5      | Entered Level 5 of the Dungeon
  5326 | D:5      | Reached skill level 9 in Conjurations
  5582 | D:5      | Found a blossoming altar of Fedhas.
  5597 | D:5      | Reached skill level 5 in Spellcasting
  6282 | D:6      | Reached XP level 8. HP: 42/42 MP: 11/18
  6353 | D:6      | Found a hide-covered altar of Uskayaw.
  6420 | D:6      | Reached skill level 1 in Fighting
  6481 | D:6      | Reached skill level 5 in Dodging
  6606 | D:6      | Noticed Blork the orc
  6623 | D:6      | Killed Blork the orc
  7129 | D:6      | Found Jihaosism's Assorted Antiques.
  7141 | D:6      | Reached skill level 10 in Conjurations
  7298 | D:6      | Found a shimmering altar of Xom.
  7497 | D:6      | Found Qanair's Armour Emporium.
  7595 | D:6      | HP: 1/44 [water moccasin (6)]
  7601 | D:6      | Slain by a water moccasin

Illustrated notes

Levels and vault maps discovered:
D:1:      saegor_arrival_simple_a, layout_loops_ring
D:2:      layout_loops_ring, grunt_gozag_breadcrumbs
D:3:      layout_basic
D:4:      layout_loops_ring, lemuel_zombie_altar_yredelemnul,
          gammafunk_temple_overflow_claw, lightli_minifort
D:5:      layout_loops_ring, fedhas_bush_and_centaur_altar
D:6:      layout_basic, lemuel_crystal_altar, marbit_many_paths, serial_shops,
          shop, shop, uniq_blork_the_orc
D:7:      layout_loops_ring, grunt_qazlal_sundering, kennysheep_mini,
          minmay_temple_entry_from_below_b, serial_shops,
          nicolae_shop_overgrown_old_shop, minmay_misc_feat_roman,
          uniq_prince_ribbit1, uniq_crazy_yiuf_cottage

Skill      XL: |  1  2  3  4  5  6  7  8 |
---------------+-------------------------+-----
Conjurations   | 5 6 7 8 9 10 | 10.1
Dodging        | 3 4 5 |  5.6
Spellcasting   | 4 5 6 |  6.2
Fighting       | 1 |  1.9
Stealth        | |  2.4

Action                   |  1- 3 |  4- 6 |  7- 9 || total
-------------------------+-------+-------+-------++-------
Melee: Unarmed           |       |     2 |       ||     2
       Staff             |       |       |     1 ||     1
 Cast: Magic Dart        |    78 |   143 |   138 ||   359
       Searing Ray       |       |     9 |    13 ||    22
  Use: Scroll            |       |     5 |     6 ||    11
       Potion            |       |       |     3 ||     3
Armor: Robe              |     6 |     4 |     2 ||    12
Dodge: Dodged            |    18 |    32 |    47 ||    97
Block: Other             |     1 |    10 |    20 ||    31
       Reflection        |       |     3 |     1 ||     4

Table legend: (Time is in decaauts)
 A = Elapsed time spent in this place.
 B = Non-inter-level travel time spent in this place.
 C = Inter-level travel time spent in this place.
 D = Time resting spent in this place.
 E = Time spent auto-exploring this place.
 F = Levels seen in this place.
 G = Mean time per level.
                   A        B        C        D        E       F      G
               +--------+--------+--------+--------+--------+-----+--------+
         Total |   7600 |   7490 |    110 |   2101 |   3838 |   7 | 1085.7 |
       Dungeon |   7600 |   7490 |    110 |   2101 |   3838 |   7 | 1085.7 |
               +--------+--------+--------+--------+--------+-----+--------+

Top non-repeatable levels by time:
     D:4: 1800 daAuts
     D:5: 1386 daAuts
     D:6: 1327 daAuts
     D:2: 1259 daAuts
     D:1: 1013 daAuts
     D:3: 810 daAuts
     D:7: 4 daAuts
